cohdb
Replays
Latest Replays
All Replays
Popular Replays
Top Player Replays
Match Explorer
How It Works
Community
CoH3 Stats
Reddit
Sign in to upload your games and track your stats! →
Sign in with Steam
Match 38578267
Unlisted
Match 38578267
Overview
Messages
Build Orders
End
Construct Section Command Post
Selects Indian Artillery Battlegroup
Infantry Section
Infantry Section
Construct Field Infirmary
ML 3-inch Mortar Team
Infantry Section
Construct Platoon Command Post
Infantry Training
Grenade Package
Selects Artillery Saturation
Selects Valour
Unlock M3 Stuart Light Tanks
M3 Stuart Light Tank
M3 Stuart Light Tank
Selects Gurkha Rifles Section
Light Vehicle Training
Construct Company Command Post
Gurkha Rifles Section
Unlock M3 Grant Medium Tanks
M3 Grant Medium Tank
Armored Vehicle Training
M3 Grant Medium Tank
Selects Volunteer Infantry
Selects Artillery Saturation
Selects Off-map Airburst Barrage
Off-map Airburst Barrage
M3 Grant Medium Tank
M3 Grant Medium Tank
Gurkha Rifles Section
M3 Grant Medium Tank
Selects Perimeter Monitor
Perimeter Monitor
banandan
whysoserious
SneaKerz
gb_gbg
Ogg z Kosicoch
Maggor
P3Dr.O
Crazy_energy
0
0
Comments
sign in to comment!
No comments posted yet!